 Dungeon Crawl Stone Soup version 0.23-a0-169-gb21e69520c (webtiles) character file.

5132 PikkenKukken the Martial Artist (level 10, -2/79 HPs)
             Began as a Demonspawn Monk on Sept 12, 2018.
             Was an Elder of Okawaru.
             Impaled on a porcupine's spines (8 damage)
             ... on level 8 of the Dungeon.
             The game lasted 00:11:54 (6065 turns).

PikkenKukken the Martial Artist (Demonspawn Monk)   Turns: 6065, Time: 00:11:54

Health: -2/79      AC: 14    Str: 14    XL:     10   Next: 33%
Magic:  11/13      EV: 15    Int: 13    God:    Okawaru [****..]
Gold:   301        SH:  7    Dex: 15    Spells: 9/9 levels left

rFire    . . .     SeeInvis +     - Unarmed
rCold    + . .     Gourm    .   h - +0 buckler
rNeg     + . .     Faith    .   q - +3 chain mail {rC+}
rPois    .         Spirit   .   (helmet restricted)
rElec    .         Reflect  .   c - scarf {repulsion}
rCorr    +         Harm     .   (no gloves)
MR       .....                  (no boots)
Stlth    ..........             (no amulet)
HPRegen  0.23/turn              r - ring of resist corrosion
MPRegen  0.13/turn              u - ring of positive energy

@: heroism, repel missiles
A: hooves 1, horns 1, repulsion field 3, see invisible, spiny 2, rot immunity,
subdued magic 1
a: Heroism, Renounce Religion


You were on level 8 of the Dungeon.
You worshipped Okawaru.
Okawaru was greatly pleased with you.
You were hungry.

You visited 2 branches of the dungeon, and saw 9 of its levels.

You collected 301 gold pieces.

Inventory:

Armour
 c - a scarf of repulsion (worn)
 h - a +0 buckler (worn)
 q - a +3 chain mail of cold resistance (worn)
Jewellery
 r - a ring of resist corrosion (left hand)
 u - a ring of positive energy (right hand)
Wands
 a - a wand of acid (4)
 e - a wand of random effects (12)
 j - a wand of flame (17)
 t - a wand of scattershot (6)
Scrolls
 d - 6 scrolls of teleportation
 g - 3 scrolls of magic mapping
 i - a scroll of remove curse
 l - a scroll of fog
 m - 5 scrolls of identify
 s - a scroll of enchant armour
Potions
 f - a potion of might
 k - a potion of brilliance
 n - a potion of flight
 p - 3 potions of curing
Comestibles
 b - 10 rations
 o - 19 chunks of flesh


   Skills:
 + Level 7.3(12.3) Fighting
 + Level 3.3(8.3) Armour
 - Level 5.7(10.7) Dodging
 - Level 1.7(6.7) Stealth
 + Level 5.3(10.3) Shields
 * Level 9.3(14.3) Unarmed Combat
 + Level 5.1 Invocations


You had 9 spell levels left.
You didn't know any spells.
Your spell library contained the following spells:

 Spells                   Type           Power        Failure   Level  Hunger
 Animate Skeleton         Necr           N/A          99%         1    ##.....
 Apportation              Tloc           #.....       99%         1    ##.....
 Confusing Touch          Hex            #.....       99%         1    ##.....
 Summon Small Mammal      Summ           #...         99%         1    ##.....


Dungeon Overview and Level Annotations

Branches:
Dungeon (8/15)             Temple (1/1) D:6
   Lair: D:8-11

Altars:
Ashenzari
Cheibriados
Dithmenos
Elyvilon
Fedhas
Gozag
Hepliaklqana
Kikubaaqudgha
Makhleb
Nemelex Xobeh
Okawaru
Ru
Sif Muna
Uskayaw
Vehumet
Wu Jian
Xom
Yredelemnul
The Shining One

Shops:
D:7 (


Innate Abilities, Weirdness & Mutations

You have large cloven feet.
You are surrounded by a strong repulsion field. (EV +4, RMsl)
You are mostly covered in sharp spines.
You are immune to rotting.
You have a pair of small horns on your head.
You have supernaturally acute eyesight. (SInv)
Your spells are a little easier to cast, but a little less powerful.


Message History

Okawaru accepts your kill.
You are struck by the porcupine's spines.
* * * LOW HITPOINT WARNING * * *
Your chain mail prevents you from hitting the porcupine.
You headbutt the porcupine.
The porcupine is moderately wounded.
The howler monkey hoots and howls with incredible vigour!
The porcupine closely misses you.
You hear a shout!
You are struck by the porcupine's spines.
* * * LOW HITPOINT WARNING * * *
You punch the porcupine! Your kick misses the porcupine.
Your headbutt misses the porcupine.
The porcupine is almost dead.
You block the porcupine's attack.
The orc priest invokes the aid of Beogh against you.
Beogh smites you!
* * * LOW HITPOINT WARNING * * *
You are struck by the porcupine's spines.
You die...

#.#.#.##.# ##...##
#.#..... #.#...##.#
##+## #.###†##
#........# #.# #.# #.#
####.##### #.# #.###(#
####.##### ##.##
#.<...# #.)......#
##...## #######
#.##.###.# #.....#
#.##.###.#####rs.#
#.##.......@root##
#.######.######.###.##
#.# #.# #.t....#
#.######.# #)####.#
#........# #hl.....#
########## .o.r....#
.P.o...... .P.P.......
.P....P....P


You could see a crocodile, a scorpion, 2 porcupines, an orc priest and an orc
wizard (invisible).

Vanquished Creatures
  Harold (D:7)
  A two-headed ogre (D:5)
  A hippogriff (D:7)
  4 yaks (D:8)
  A basilisk (D:8)
  A hungry ghost (D:7)
  2 orc warriors
  A porcupine (D:8)
  2 ice beasts
  2 sky beasts
  A black bear (D:8)
  5 ogres
  A centaur (D:6)
  A crocodile (D:8)
  A big kobold (D:7)
  A bullfrog (D:7)
  3 scorpions
  4 wights (D:6)
  3 howler monkeys (D:4)
  A crimson imp (D:7)
  4 bullfrog skeletons
  A bullfrog zombie (D:6)
  3 hounds
  3 orc priests
  A centaur skeleton (D:6)
  A jelly (D:8)
  6 orc wizards
  2 iguanas
  3 worker ants
  A howler monkey zombie (D:8)
  3 gnolls (D:6)
  5 adders
  A worm (D:4)
  4 leopard geckos
  13 orcs
  2 ball pythons
  7 bats
  3 giant cockroaches
  7 goblins
  8 hobgoblins
  11 jackals
  2 quokkas (D:6)
  4 frilled lizards
  2 giant cockroach zombies (D:6)
  A jackal skeleton (D:4)
  12 kobolds
  A quokka skeleton (D:6)
  8 rats
156 creatures vanquished.

Vanquished Creatures (others)
  A plant (D:8)
1 creature vanquished.

Grand Total: 157 creatures vanquished

Notes
Turn   | Place    | Note
-------+----------+-------------------------------------------
     0 | D:1      | PikkenKukken the Demonspawn Monk began the quest for the
                  | Orb.
     0 | D:1      | Reached XP level 1. HP: 18/18 MP: 1/1
   215 | D:1      | Reached skill level 3 in Unarmed Combat
   215 | D:1      | Gained mutation: You have large cloven feet. [demonic
                  | ancestry]
   215 | D:1      | Reached XP level 2. HP: 19/24 MP: 2/2
   791 | D:2      | Found a sparkling altar of Nemelex Xobeh.
   966 | D:2      | Gained mutation: You are surrounded by a mild repulsion
                  | field. (EV +2) [demonic ancestry]
   966 | D:2      | Reached XP level 3. HP: 24/29 MP: 3/3
  1179 | D:2      | Found a shadowy altar of Dithmenos.
  1764 | D:3      | Gained mutation: You are partially covered in sharp spines.
                  | [demonic ancestry]
  1764 | D:3      | Reached XP level 4. HP: 25/36 MP: 4/4
  2293 | D:4      | Reached skill level 4 in Unarmed Combat
  2296 | D:4      | Gained mutation: You are surrounded by a moderate repulsion
                  | field. (EV +3) [demonic ancestry]
  2296 | D:4      | Reached XP level 5. HP: 37/42 MP: 5/5
  2460 | D:4      | Found a blossoming altar of Fedhas.
  2522 | D:4      | Found an opulent altar of Gozag.
  2524 | D:4      | Found a sacrificial altar of Ru.
  2524 | D:4      | Found a snail-covered altar of Cheibriados.
  2527 | D:4      | Found a shimmering altar of Xom.
  2527 | D:4      | Found a hide-covered altar of Uskayaw.
  2527 | D:4      | Found a burning altar of Makhleb.
  2754 | D:4      | Reached XP level 6. HP: 45/48 MP: 6/6
  3027 | D:5      | Entered Level 5 of the Dungeon
  3068 | D:5      | Noticed an ice beast
  3087 | D:5      | Killed an ice beast
  3087 | D:5      | Reached skill level 5 in Unarmed Combat
  3111 | D:5      | Noticed a two-headed ogre
  3127 | D:5      | Killed a two-headed ogre
  3127 | D:5      | Reached skill level 5 in Fighting
  3127 | D:5      | Reached skill level 6 in Unarmed Combat
  3127 | D:5      | Gained mutation: You are mostly covered in sharp spines.
                  | [demonic ancestry]
  3127 | D:5      | Reached XP level 7. HP: 20/56 MP: 7/7
  3127 | D:5      | Reached XP level 8. HP: 22/62 MP: 8/8
  3383 | D:5      | Found a hazy altar of Hepliaklqana.
  3472 | D:5      | Reached skill level 5 in Dodging
  3517 | D:5      | Gained mutation: You are surrounded by a strong repulsion
                  | field. (EV +4, RMsl) [potion of mutation]
  3517 | D:5      | Gained mutation: Your spells are a little easier to cast,
                  | but a little less powerful. [potion of mutation]
  3517 | D:5      | Gained mutation: You have supernaturally acute eyesight.
                  | (SInv) [potion of mutation]
  3517 | D:5      | Gained mutation: You have a pair of small horns on your
                  | head. [potion of mutation]
  3636 | D:5      | Found a deep blue altar of Sif Muna.
  3637 | D:5      | Found a shadowy altar of Dithmenos.
  4031 | D:6      | Reached skill level 7 in Unarmed Combat
  4462 | D:6      | Found a white marble altar of Elyvilon.
  4582 | D:6      | Gained mutation: You are immune to rotting. [demonic
                  | ancestry]
  4582 | D:6      | Reached XP level 9. HP: 66/69 MP: 9/9
  4583 | D:6      | Found a staircase to the Ecumenical Temple.
  4597 | Temple   | Entered the Ecumenical Temple
  4650 | Temple   | Became a worshipper of Warmaster Okawaru
  4650 | Temple   | Reached * piety under Okawaru
  4650 | Temple   | Reached ** piety under Okawaru
  4804 | D:6      | Found a sacrificial altar of Ru.
  4888 | D:6      | Reached skill level 1 in Invocations
  5199 | D:7      | Reached skill level 1 in Armour
  5238 | D:7      | Reached skill level 8 in Unarmed Combat
  5406 | D:7      | Noticed Harold
  5420 | D:7      | Killed Harold
  5420 | D:7      | Reached *** piety under Okawaru
  5568 | D:7      | Found Atzep's Antique Weapon Boutique.
  5670 | D:7      | Found a shimmering altar of Xom.
  5860 | D:8      | Reached XP level 10. HP: 74/79 MP: 13/13
  5960 | D:8      | Reached skill level 5 in Shields
  5997 | D:8      | Reached **** piety under Okawaru
  5997 | D:8      | Reached skill level 9 in Unarmed Combat
  6055 | D:8      | Reached skill level 5 in Invocations
  6065 | D:8      | Impaled on a porcupine's spines

Vault maps used:
D:1:      lemuel_arrival_hallway
D:2:      nicolae_overflow_crystal_walls, grunt_dithmenos_smoke_and_mirrors
D:3:      first_ration
D:4:      fedhas_altar_2, doesnt_xom_only_xom
D:5:      kennysheep_big_flooded_room, lemuel_coloured_pillars_altar,
          minitemple, grunt_ministairs_8
D:6:      overflow_temple_1_default, marbit_many_paths
D:7:      serial_shops, shop, basic_altar, uniq_harold
D:8:      nicolae_overflow_hidden_temple, minmay_lair_entry_grove,
          hangedman_ranch
Temple:   zaba_magenta_temple

Skill      XL: |  1  2  3  4  5  6  7  8  9 10 |
---------------+-------------------------------+-----
Unarmed Combat | 3 4 6 7 8 9 |  9.3
Dodging        | 3 4 5 |  5.7
Fighting       | 4 5 6 7 |  7.3
Shields        | 2 3 4 5 |  5.3
Invocations    | 4 5 |  5.1
Armour         | 2 3 |  3.3
Stealth        | |  1.7

Action                   |  1- 3 |  4- 6 |  7- 9 | 10-12 || total
-------------------------+-------+-------+-------+-------++-------
Melee: Unarmed           |   153 |    66 |   234 |    71 ||   524
       Kick              |    21 |    22 |    66 |    27 ||   136
       Punch             |     2 |     1 |       |       ||     3
       Headbutt          |       |       |    36 |    16 ||    52
Invok: Heroism           |       |       |       |     2 ||     2
  Use: Scroll            |     6 |     5 |     8 |       ||    19
       Potion            |       |     2 |     3 |       ||     5
  Eat: Chunk             |     3 |     3 |     8 |       ||    14
       Ration            |       |       |     1 |       ||     1
Armor: Leather armour    |    12 |       |       |       ||    12
       Scale mail        |    43 |     6 |       |       ||    49
       Chain mail        |       |    18 |    54 |    13 ||    85
       Skin              |       |       |     4 |       ||     4
Dodge: Dodged            |    78 |    28 |    96 |    22 ||   224
       Deflected         |       |       |     4 |       ||     4
Block: Buckler           |       |     4 |    40 |     8 ||    52

Table legend:
 A = Non-vault XP
 B = Vault XP
 C = Vault XP percentage of total XP
 D = Non-vault monster count
 E = Vault monster count
 F = Vault count percentage of total count
                 A         B        C        D         E       F
            +---------+---------+-------+---------+---------+-------
      Total |    4779 |    2553 |  34.8 |     143 |      13 |   8.3
            +---------+---------+-------+---------+---------+-------
        D:1 |      26 |       0 |   0.0 |      17 |       0 |   0.0
        D:2 |      30 |       0 |   0.0 |      19 |       0 |   0.0
        D:3 |      74 |       0 |   0.0 |      12 |       0 |   0.0
        D:4 |     281 |       0 |   0.0 |      14 |       0 |   0.0
        D:5 |    1367 |     172 |  11.2 |      16 |       3 |  15.8
        D:6 |    1248 |      44 |   3.4 |      33 |       1 |   2.9
        D:7 |    1148 |     987 |  46.2 |      22 |       1 |   4.3
        D:8 |     605 |    1350 |  69.1 |      10 |       8 |  44.4
            +---------+---------+-------+---------+---------+-------
